cohdb
Replays
Latest Replays
All Replays
Popular Replays
Top Player Replays
Match Explorer
How It Works
Community
CoH3 Stats
Reddit
Sign in to upload your games and track your stats! →
Sign in with Steam
Match 42689393
Unlisted
Match 42689393
Overview
Messages
Build Orders
End
Panzerpioneer Squad
Selects Armored Support Battlegroup
Panzerpioneer Squad
250 Light Carrier
250 Light Carrier
Construct Light Support Kompanie
Combat Half-tracks
Fire Support Elements
Selects Superior Fire Drills
Vehicle Survival Package
Flakvierling Half-track
Veteran Squad Leaders
Construct Mechanized Kompanie
Panzerjäger Mechanized Group
Selects Salvage Kits
254 Reconnaissance Tractor
Marder III Tank Destroyer
Emergency Repair Kits
Rapid Advance
Marder III Tank Destroyer
Selects Flammpanzer III Medium Tank
Selects Panzer Storm
Tungsten Core Ammunition
Marder III Tank Destroyer
BigShoota
anioki
Akan^
VinCo-CN
Freeze
KoMoDЫ4
Квадрат-Двери
Hauptmann GLIST
0
0
Comments
sign in to comment!
No comments posted yet!